 Dungeon Crawl Stone Soup version 0.30-a0-799-g109b55a442 (webtiles) character file.

Game seed: 15928194382643457088

1948 bande the Chopper (level 9, -13/54 HPs)
             Began as a Gargoyle Fighter on Feb 21, 2023.
             Was a Follower of Okawaru.
             Mangled by an ogre
             ... wielding a +0 giant club
              (18 damage)
             ... on level 6 of the Dungeon.
             The game lasted 00:08:52 (5938 turns).

bande the Chopper (Gargoyle Fighter)                Turns: 5938, Time: 00:08:52

Health: -13/54     AC: 18    Str: 19    XL:     9   Next: 18%
Magic:  11/11      EV:  7    Int: 16    God:    Okawaru [*.....]
Gold:   365        SH:  5    Dex: 13    Spells: 8/8 levels left

rFire   . . .      SeeInvis .    a - +1 war axe
rCold   . . .      Faith    .    c - +0 buckler
rNeg    + . .      Spirit   .    d - +0 chain mail
rPois   ∞          Reflect  .    (no helmet)
rElec   +          Harm     .    q - +1 cloak
rCorr   .          Rampage  .    (no gloves)
Will    .....                    (no boots) Stlth
                                 n - amulet of regeneration
HPRegen 1.09/turn                j - +6 ring of intelligence
MPRegen 0.12/turn                (no ring)

@: no status effects
A: sickness immunity, AC +6, negative energy resistance 1, electricity
resistance, torment resistance 1, petrification resistance
a: Renounce Religion, Heroism


You were on level 6 of the Dungeon.
You worshipped Okawaru.
Okawaru was aware of your devotion.
You visited 2 branches of the dungeon, and saw 7 of its levels.
You also visited: Ossuary.

You collected 365 gold pieces.

Inventory:

Hand Weapons
 a - a +1 war axe (weapon)
 b - a +0 flail
Missiles
 o - a throwing net (quivered)
Armour
 c - a +0 buckler (worn)
 d - a +0 chain mail (worn)
 q - a +1 cloak (worn)
Jewellery
 j - a +6 ring of intelligence (left hand)
 n - an amulet of regeneration (around neck)
Wands
 f - a wand of digging (6)
 v - a wand of acid (9)
 z - a wand of flame (9)
Scrolls
 e - a scroll of teleportation
 h - 2 scrolls of enchant weapon
 r - a scroll of torment {unknown}
 u - a scroll of fog
 x - 4 scrolls of identify
 y - a scroll of enchant armour
Potions
 g - a potion of cancellation
 i - a potion of heal wounds
 k - 5 potions of brilliance
 l - a potion of ambrosia
 m - 3 potions of flight
 p - 2 potions of curing {unknown}
 s - a potion of degeneration {unknown}
 t - a potion of mutation {unknown}
 w - a potion of attraction {unknown}


   Skills:
 + Level 5.2 Fighting
 + Level 7.4 Axes
 + Level 6.0 Armour
 - Level 0.7 Stealth
 + Level 4.8 Shields
 * Level 3.1 Invocations
 * Level 3.6 Evocations


You had 8 spell levels left.
You didn't know any spells.
Your spell library contained the following spells:

 Spells                   Type           Power      Damage    Failure   Level
 Freeze                   Ice            0%         1d3       97%         1
 Frozen Ramparts          Ice            0%         1d1       100%        3
 Hailstorm                Conj/Ice       0%         3d3       100%        3
 Orb of Destruction       Conj           0%         9d5       100%        7
 Summon Guardian Golem    Hex/Summ       Unusable   N/A       N/A         3
 Spellforged Servitor     Conj/Summ      Unusable   N/A       N/A         7

Dungeon Overview and Level Annotations

Branches:
Dungeon (6/15)             Temple (1/1) D:5         Ossuary (visited)

Altars:
Ashenzari
Cheibriados
Dithmenos
Elyvilon
Fedhas
Gozag
Hepliaklqana
Makhleb
Nemelex Xobeh
Okawaru
Qazlal
Ru
Sif Muna
Wu Jian
Xom

Shops:
D:4 (   D:5 *


Innate Abilities, Weirdness & Mutations

You are immune to sickness and miasma.
Your stone body is resilient. (AC +6)
You are immune to poison.
You resist negative energy. (rN+)
You are resistant to electric shocks. (rElec)
You are resistant to unholy torment.
You are immune to petrification.


Message History

The gnoll hits you but does no damage.
You hit the gnoll.
You kill the gnoll!
Okawaru accepts your kill.
You hit the iguana.
The iguana bites you but does no damage.
The gnoll hits you from afar with a +0 halberd.
You block the gnoll sergeant's attack.
You slash the iguana!
You kill the iguana!
Okawaru accepts your kill.
You barely miss the ogre. The ogre hits you with a +0 giant club.
The gnoll hits you from afar with a +0 halberd!
The gnoll sergeant closely misses you.
The gnoll hits you from afar with a +0 halberd.
You are too injured to fight recklessly!
You are too injured to fight recklessly!
You are too injured to fight recklessly!
You are too injured to fight recklessly!
You are too injured to fight recklessly!
You are too injured to fight recklessly!
You are too injured to fight recklessly!
You are too injured to fight recklessly!
You slash the ogre!
The ogre is moderately wounded.
The ogre hits you with a +0 giant club!
* * * LOW HITPOINT WARNING * * *
The gnoll sergeant hits you from afar with a +4 heavy spear.
* * * LOW HITPOINT WARNING * * *
The gnoll hits you but does no damage.
You barely miss the ogre.
The ogre is moderately wounded.
The ogre hits you but does no damage. The gnoll hits you but does no damage.
The gnoll sergeant hits you but does no damage.
You slash the ogre!
The ogre is almost dead.
The gnoll hits you from afar with a +0 halberd.
* * * LOW HITPOINT WARNING * * *
The ogre hits you with a +0 giant club!!
You die...

##### #...
####.#####
##.#.###........# #
#....g.@.##.#...#.#
#....g)O...<#...#.#
.................>#
#.......#.#.#.....#
#..######.#.#.)..##
#. ..#.#...## .
####.##..# #.. ...#
... ...#


You could see an ogre, a gnoll sergeant and a gnoll.

Vanquished Creatures
  The ghost of Amberwave the Trooper, a novice HOFi (D:6)
  A yak (D:6)
  Menkaure (Ossuary)
  An orc warrior (D:5)
  An ogre (D:6)
  A centaur (D:5)
  2 scorpions
  2 necrophages
  4 hounds
  4 jellies
  Crazy Yiuf (D:2)
  5 iguanas
  An orc wizard (D:3)
  3 mummies (Ossuary)
  5 gnolls
  6 adders
  A shadow imp (D:5)
  An ufetubus (D:5)
  A worm (D:2)
  4 dart slugs
  7 orcs
  11 ball pythons
  5 bats
  7 endoplasms
  4 giant cockroaches
  9 goblins
  6 hobgoblins
  7 quokkas
  2 frilled lizards
  3 gnoll skeletons (Ossuary)
  7 gnoll zombies (Ossuary)
  3 goblin skeletons (Ossuary)
  7 goblin zombies
  6 hobgoblin skeletons (Ossuary)
  2 hobgoblin zombies (Ossuary)
  16 kobolds
  3 kobold skeletons (Ossuary)
  A kobold zombie (Ossuary)
  An orc skeleton (Ossuary)
  2 orc zombies (Ossuary)
  A quokka zombie (D:4)
  5 rats
  9 rat skeletons (Ossuary)
  7 rat zombies (Ossuary)
177 creatures vanquished.

Notes
Turn   | Place    | Note
-------+----------+-------------------------------------------
     0 | D:1      | bande the Gargoyle Fighter began the quest for the Orb.
     0 | D:1      | Reached XP level 1. HP: 14/14 MP: 1/1
   108 | D:1      | Reached skill level 2 in Axes
   108 | D:1      | Reached XP level 2. HP: 19/19 MP: 2/2
   317 | D:1      | Found a faded altar of an unknown god.
   346 | D:1      | Reached XP level 3. HP: 23/23 MP: 3/3
   710 | D:2      | Noticed a necrophage
   721 | D:2      | Killed a necrophage
   722 | D:2      | Reached skill level 3 in Axes
   722 | D:2      | Reached XP level 4. HP: 18/29 MP: 4/4
   728 | D:2      | Reached XP level 5. HP: 10/33 MP: 5/5
   731 | D:2      | HP: 1/33 [gnoll/+0 flail (2)]
  1055 | D:2      | Reached skill level 4 in Axes
  1426 | D:2      | Found a runed translucent door.
  1427 | D:2      | Noticed Crazy Yiuf
  1752 | D:2      | Killed Crazy Yiuf
  1753 | D:2      | Reached XP level 6. HP: 27/38 MP: 6/6
  2069 | D:3      | You fall into a shaft and drop 1 floor!
  2159 | D:4      | Found a sand-covered staircase.
  2167 | Ossuary  | Entered an ossuary
  2814 | Ossuary  | Noticed Menkaure
  2824 | Ossuary  | Killed Menkaure
  2825 | Ossuary  | Reached skill level 5 in Axes
  2825 | Ossuary  | Reached skill level 1 in Evocations
  2825 | Ossuary  | Reached XP level 7. HP: 33/44 MP: 7/7
  3629 | D:4      | Found Suochu's Weapon Emporium.
  3948 | D:4      | Found a sparkling altar of Nemelex Xobeh.
  4113 | D:5      | Entered Level 5 of the Dungeon
  4316 | D:5      | Found a runed translucent gate.
  4316 | D:5      | Found a runed translucent gate.
  4316 | D:5      | Found a runed translucent gate.
  4316 | D:5      | Found an opulent altar of Gozag.
  4319 | D:5      | Noticed Amberwave's ghost (novice HOFi)
  4319 | D:5      | Noticed a yak
  4857 | D:5      | Found a staircase to the Ecumenical Temple.
  4865 | D:5      | Reached skill level 6 in Axes
  4865 | D:5      | Reached skill level 5 in Armour
  4865 | D:5      | Reached XP level 8. HP: 48/48 MP: 8/8
  4872 | D:5      | Found Nilamo's Assorted Antiques.
  4874 | Temple   | Entered the Ecumenical Temple
  4889 | Temple   | Became a worshipper of Warmaster Okawaru
  5404 | D:6      | Reached skill level 1 in Invocations
  5414 | D:6      | Reached * piety under Okawaru
  5505 | D:6      | Killed Amberwave's ghost
  5506 | D:6      | Reached skill level 5 in Fighting
  5506 | D:6      | Reached skill level 7 in Axes
  5728 | D:6      | Killed a yak
  5729 | D:6      | Reached XP level 9. HP: 41/54 MP: 9/11
  5938 | D:6      | Mangled by an ogre

Illustrated notes

Levels and vault maps discovered:
D:1:      sevenhm_arrival_forest_fort_large_4, layout_rooms,
          nicolae_ecumenical_snake_handling, st_stairs_4
D:2:      layout_basic, minmay_misc_feat_roman, uniq_crazy_yiuf_cottage
D:3:      layout_loops_ring
D:4:      layout_gridville, nemelex_spade_bored_becter, enter_ossuary_4,
          serial_shops, nicolae_square_shop, st_stairs_4,
          nicolae_figureground_sparkle
D:5:      layout_layer_cave, minmay_temple_entry_butterflies,
          ebering_ghost_gozag, serial_shops, nicolae_shop_behind_doors
D:6:      layout_basic, eino_small_chamber_without_monster
Temple:   nicolae_temple_x_marks_the_god

Skill      XL: |  1  2  3  4  5  6  7  8  9 |
---------------+----------------------------+-----
Axes           | 2 3 4 5 6 7 |  7.4
Armour         | 4 5 6 |  6.0
Fighting       | 4 5 |  5.2
Evocations     | 1 2 3 |  3.6
Shields        | 4 |  4.8
Invocations    | 2 3 |  3.1
Stealth        | |  0.7

Action                     |  1- 3 |  4- 6 |  7- 9 || total
---------------------------+-------+-------+-------++-------
  Melee: War axe           |    90 |   191 |   248 ||   529
    Use: Scroll            |       |     7 |    10 ||    17
         Potion            |       |     2 |       ||     2
 Armour: Scale mail        |    54 |    12 |       ||    66
         Chain mail        |       |    97 |   180 ||   277
  Dodge: Dodged            |    49 |    51 |    87 ||   187
  Block: Buckler           |    12 |    32 |    62 ||   106

Table legend: (Time is in decaauts)
 A = Elapsed time spent in this place.
 B = Non-inter-level travel time spent in this place.
 C = Inter-level travel time spent in this place.
 D = Time resting spent in this place.
 E = Time spent auto-exploring this place.
 F = Levels seen in this place.
 G = Mean time per level.
                   A        B        C        D        E       F      G
               +--------+--------+--------+--------+--------+-----+--------+
         Total |   6101 |   6035 |     66 |   1137 |   3435 |   8 |  762.6 |
       Dungeon |   5198 |   5132 |     66 |    697 |   3275 |   6 |  866.3 |
        Temple |     33 |     33 |      0 |      0 |      0 |   1 |   33.0 |
       Ossuary |    869 |    869 |      0 |    440 |    160 |   1 |  869.0 |
               +--------+--------+--------+--------+--------+-----+--------+

Top non-repeatable levels by time:
     D:5: 1373 daAuts
     D:2: 1222 daAuts
 Ossuary: 869 daAuts
     D:3: 749 daAuts
     D:4: 717 daAuts
     D:1: 679 daAuts
     D:6: 456 daAuts
  Temple: 33 daAuts
